 Dungeon Crawl Stone Soup version 0.31-a0-192-ga50d7bf3bb (webtiles) character file.

Game seed: 3119770688132138396

111035 AvylaarBelgium the Eclecticist (level 16, -6/88 HPs)
             Began as a Deep Elf Conjurer on June 24, 2023.
             Was the Champion of Vehumet.
             Mangled by a five-headed hydra (12 damage)
             ... on level 4 of the Swamp.
             The game lasted 01:51:26 (24148 turns).

AvylaarBelgium the Eclecticist (Deep Elf Conjurer) Turns: 24148, Time: 01:51:28

Health: -6/88      AC:  8    Str:  4    XL:     16   Next: 8%
Magic:  26/40      EV: 13    Int: 35    God:    Vehumet [******]
Gold:   645        SH:  0    Dex: 11    Spells: 3/51 levels left

rFire   . . .        A - +7 quarterstaff "Nitipsor" {spect, Int+3}
rCold   . . .        (shield currently unavailable)
rNeg    . . .        P - +0 troll leather armour
rPois   +            U - +2 hat
rElec   .            r - +0 cloak
rCorr   +            (no gloves)
SInv    +            (no boots)
Will    +....        j - amulet "Naczud" {Drain Fly Regen+ rCorr SInv}
Stlth   +++          S - ring of poison resistance
HPRegen 1.94/turn    G - ring of wizardry
MPRegen 0.27/turn

%: wizardry (x1)
@: flying, studying 2 skills
A: horns 1, talons 1, clumsy 1
a: Renounce Religion


You were on level 4 of the Swamp.
You worshipped Vehumet.
Vehumet was exalted by your worship.
You visited 5 branches of the dungeon, and saw 23 of its levels.
You visited the Abyss 1 time.
You also visited: Bailey.

You collected 1991 gold pieces.
You spent 1346 gold pieces at shops.

Inventory:

Hand Weapons
 A - the +7 quarterstaff "Nitipsor" (weapon) {spect, Int+3}
   (You found it on level 2 of the Swamp)

   Int:       It affects your intelligence (+3).
 H - a +1 heavy orcbow
 N - a +0 orcbow
Missiles
 O - a throwing net
Armour
 a - a +2 robe of willpower
 r - a +0 cloak (worn)
 E - a +0 leather armour of positive energy
 P - a +0 troll leather armour (worn)
 U - a +2 hat (worn)
Magical Staves
 l - a staff of death
 q - a staff of air
Jewellery
 j - the amulet "Naczud" (around neck) {Drain Fly Regen+ rCorr SInv}
   (You bought it in a shop on level 1 of the Snake Pit)

   [amulet of regeneration]

   SInv:      It lets you see invisible.
   Fly:       It grants you flight.
   Regen:     It increases your rate of health regeneration.
   rCorr:     It protects you from acid and corrosion.
   Drain:     It drains your maximum health when unequipped.
 m - a ring of flight
 D - a ring of magical power
 G - a ring of wizardry (right hand)
 L - an amulet of regeneration
 S - a ring of poison resistance (left hand)
 X - a ring of protection from cold
Wands
 p - a wand of quicksilver (7)
 v - a wand of flame (65)
 M - a wand of charming (35)
 T - a wand of roots (31)
Scrolls
 c - 2 scrolls of brand weapon
 e - 2 scrolls of teleportation
 g - 7 scrolls of poison
 k - 5 scrolls of noise
 n - 4 scrolls of amnesia
 o - 3 scrolls of revelation
 x - 4 scrolls of vulnerability
 y - 2 scrolls of fog
 B - a scroll of silence {unknown}
 C - a scroll of immolation
 I - 4 scrolls of enchant armour
 K - 2 scrolls of torment
 Q - 4 scrolls of identify
Potions
 d - 4 potions of heal wounds
 f - 3 potions of might
 h - 10 potions of curing
 i - 2 potions of invisibility {unknown}
 s - 2 potions of resistance {unknown}
 t - 3 potions of attraction {unknown}
 u - 3 potions of lignification {unknown}
 w - a potion of brilliance {unknown}
 z - 3 potions of enlightenment {unknown}
 J - a potion of ambrosia
 R - a potion of cancellation
Miscellaneous
 Z - a piece from Xom's chessboard (15/15)


   Skills:
 - Level 6.0 Fighting
 - Level 0.6 Short Blades
 - Level 2.5 Ranged Weapons
 - Level 7.4 Armour
 - Level 7.6 Dodging
 - Level 8.0 Stealth
 - Level 18.3 Spellcasting
 - Level 16.4 Conjurations
 + Level 5.1 Summonings
 - Level 6.4 Necromancy
 - Level 6.7 Fire Magic
 - Level 15.6 Earth Magic


You had 3 spell levels left.
You knew the following spells:

 Your Spells              Type           Power      Damage    Failure   Level
a - Sublimation of Blood  Necr           67%        N/A       1%          2
b - Spellforged Servitor  Conj/Summ      41%        N/A       2%          7
c - Fulminant Prism       Conj/Hex       37%        3d17      1%          4
d - Iskenderun's Mystic   Conj/Tloc      74%        2d15      1%          4
e - Stone Arrow           Conj/Erth      100%       3d13      0%          3
f - Lehudib's Crystal Sp  Conj/Erth      49%        10d12     1%          8
g - Call Canine Familiar  Summ           62%        N/A       1%          3
h - Plasma Beam           Fire/Air       27%        2x1d39    8%          6
i - Spider Form           Tmut/Pois      32%        N/A       1%          3
j - Starburst             Conj/Fire      42%        6d12      1%          6
k - Searing Ray           Conj           100%       2d8       0%          2

Your spell library contained the following spells:

 Spells                   Type           Power      Damage    Failure   Level
 Magic Dart               Conj           100%       1d8       0%          1
 Beastly Appendage        Tmut           64%        N/A       1%          1
 Cigotuvi's Dreadful Rot  Necr/Pois/Air  94%        N/A       1%          2
 Ensorcelled Hibernation  Hex/Ice        64%        N/A       1%          2
 Passwall                 Tmut/Erth      60%        N/A       1%          2
 Wereblood                Tmut           32%        N/A       1%          2
 Dazzling Flash           Conj/Hex       100%       N/A       1%          3
 Frozen Ramparts          Ice            64%        1d10      1%          3
 Gell's Gravitas          Tloc           32%        N/A       1%          3
 Ignite Poison            Fire/Tmut/Pois 47%        N/A       1%          3
 Portal Projectile        Hex/Tloc       64%        N/A       1%          3
 Swiftness                Air            32%        N/A       1%          3
 Teleport Other           Tloc           32%        N/A       1%          3
 Vhi's Electric Charge    Tloc/Air       64%        N/A       1%          3
 Animate Armour           Summ/Erth      100%       N/A       1%          4
 Leda's Liquefaction      Hex/Erth       36%        N/A       1%          4
 Petrify                  Tmut/Erth      72%        N/A       1%          4
 Arcjolt                  Conj/Air       37%        1d47      1%          5
 Freezing Cloud           Conj/Ice/Air   31%        6-21      1%          5
 Irradiate                Conj/Tmut      37%        3d24      1%          5
 Summon Ice Beast         Ice/Summ       50%        N/A       2%          4
 Ice Form                 Ice/Tmut       32%        N/A       7%          4
 Eringya's Noxious Bog    Tmut/Pois      16%        N/A       26%         6
 Dispersal                Tloc           16%        N/A       67%         6
 Polar Vortex             Ice            16%        N/A       100%        9


Dungeon Overview and Level Annotations

Branches:
Dungeon (11/15)            Temple (1/1) D:5            Lair (5/5) D:10
  Swamp (4/4) Lair:3        Snake (2/4) Lair:2        Slime (0/5) Lair:5
 Bailey (visited)
    Orc: D:9-12

Altars:
Ashenzari
Dithmenos
Elyvilon
Fedhas
Hepliaklqana
Kikubaaqudgha
Makhleb
Nemelex Xobeh
Okawaru
Qazlal
Ru
Sif Muna
Uskayaw
Vehumet
Xom
Yredelemnul
The Shining One
Lugonu

Shops:
D:4 ?   D:11 !(   Snake:1 :=:

Portals:
Hell: Lair:5
Abyss: D:8

Annotations:
D:4 1 exclusion
D:6 1 exclusion
Lair:2 exclusion: 2 downstairs
Lair:4 exclusion: downstairs
Swamp:3 2 transporters, Kuirgh's ghost, adept TrMo
Snake:1 1 runed translucent door, exclusion: 2 downstairs, Iheguu's ghost, adept DsEE


Innate Abilities, Weirdness & Mutations

You have a pair of small horns on your head.
You have sharp toenails.
You are clumsy. (Dex -2)


Message History

You hear a deafening roar!
You hear a roar!
You hear a deafening roar!
You see here 7 stones.
Unknown command.
Aiming: Fastroot
Press: ? - help, Shift-Dir - straight line, f - five-headed hydra
Aim: a five-headed hydra
Okay, then.
Unknown command.
Unknown command.
Unknown command.
Press: ? - help, v - describe, . - travel
Here: a five-headed hydra The floor.
Unknown command.
Aiming: Fastroot
Press: ? - help, Shift-Dir - straight line, f - five-headed hydra
Aim: a five-headed hydra The roots erupt in riotous growth!
Roots grab the five-headed hydra.
The swamp drake roars!
The grasping roots constrict the five-headed hydra.
You hear a roar!
You hear a deafening roar!
You hear a roar!
The five-headed hydra escapes!
Unknown command.
Okay, then.
Unknown command.
Press: ? - help, v - describe, . - travel, g - get item Item here: 7 stones.
The floor, spattered with blood.
There is a cloud of poison gas here.
Unknown command.
Okay, then.
Unknown command.
Casting: Iskenderun's Mystic Blast (safe; 1% risk of failure)
Confirm with . or Enter, or press ? or * to list all spells.
You draw magical energy from your own body!
The fire dragon roars deafeningly!
You hear a roar!
The five-headed hydra barely misses you.
The five-headed hydra misses you. The five-headed hydra bites you!
You die...

.~ .D. ♣~..D...♣♣ t.~ ...k
.§~.D..~♣♣ ~.~♣##... #♣~.
~.~.~##.##~§. ~~)~...†D~?♣
♣.~ .~.x.D♣.♣~♣♣ ~..
.....~~.~.D!...♣ ..♣ ♣♣
..§~♣.§~..~t~DDk♣♣~~ P..
~.~.~.!.♣.~~...♣@♣.♣ P~~.
~§~~...~.....~♣○D°○♣ .!~..
~~~[~.~.§.~~f♣°○°○°♣~.P.P[
.~..~~~.~^...~.....○†.P~..
...~.~.....~.....♣~♣†....~
.~..D.f♣♣~♣♣~...♣~~♣♣.~.P♣
~.~...♣♣♣♣ ♣.~...♣♣. ♣})♣♣
♣.~~.♣♣ ♣♣.♣~♣ ♣♣ ♣♣♣
....~. ♣♣♣♣♣


You could see a fire dragon, an alligator (swift), an eight-headed hydra, a
five-headed hydra, a four-headed hydra, 2 swamp dragons and a swamp drake.

Vanquished Creatures
  Gastronok (Lair:1)
  A revenant (Abyss:2)
  Agnes (Snake:1)
  A ghoul (Swamp:4)
  8 eleionomae
  A dire elephant (Lair:5)
  3 bunyips
  8 hydras
  A hell beast (Lair:5)
  4 anacondas
  3 catoblepae
  A boulder beetle (Lair:5)
  A ghost crab (Swamp:2)
  4 two-headed ogres
  7 alligators
  4 death knights (D:11)
  3 thrashing horrors (Abyss:2)
  10 death yaks
  A shock serpent (Snake:1)
  3 naga sharpshooters (Snake:1)
  A salamander mystic (Snake:1)
  A skyshark (Lair:4)
  Amaemon (Lair:2)
  4 goliath frogs
  A naga ritualist (Snake:1)
  3 bog bodies
  3 spriggan druids
  2 starcursed masses (Abyss:2)
  2 swamp dragons (Swamp:4)
  Pikel (D:4)
  3 mana vipers (Snake:1)
  A wizard (Lair:5)
  3 will-o-the-wisps
  A cyclops (D:11)
  4 elephants
  2 salamanders
  9 black mambas
  6 naga magi (Snake:1)
  A guardian serpent (Snake:2)
  A smoke demon (Abyss:2)
  A torpor snail (Lair:3)
  11 cane toads
  4 orange demons
  14 rime drakes
  9 komodo dragons
  An ice devil (Lair:5)
  A red devil (Lair:5)
  3 polar bears
  5 hornets
  A hellwing (Lair:5)
  A troll (D:10)
  12 tyrant leeches
  A bloated husk (Swamp:1)
  Grinder (D:3)
  10 dream sheep
  14 blink frogs
  4 spriggans
  Sigmund (D:2)
  2 shadows (D:10)
  3 wraiths (D:11)
  A vampire (D:11)
  54 yaks
  10 wyverns
  8 basilisks
  A chaos spawn (Abyss:2)
  9 swamp worms
  12 steam dragons
  18 nagas (Snake:1)
  2 acid dragons (D:10)
  Duvessa (D:4)
  5 hell hounds (Lair:5)
  17 water moccasins
  4 swamp drakes (Swamp:4)
  18 orc warriors
  2 black bears
  2 sky beasts
  3 ogres
  2 phantoms
  10 wolves (Lair:4)
  14 centaurs
  A lemure (D:4)
  A kobold brigand (D:11)
  12 bullfrogs
  A gnoll sergeant (D:6)
  2 scorpions
  2 small abominations (Abyss:2)
  Dowan (D:4)
  13 wights
  A killer bee (D:9)
  3 howler monkeys
  3 electric eels
  A crimson imp (D:3)
  5 lava snakes
  A quasit (Abyss:2)
  4 jellies
  11 orc priests
  2 gnoll boudas
  A hound (D:5)
  3 iguanas
  Terence (D:2)
  6 hell rats (Lair:4)
  A sleepcap (D:4)
  11 orc wizards
  2 hound skeletons (D:3)
  4 adders
  32 gnolls
  A shadow imp (D:8)
  2 white imps
  An ufetubus (D:5)
  2 worms (D:2)
  2 dart slugs
  55 orcs
  6 ball pythons
  8 endoplasms
  6 giant cockroaches
  35 goblins
  26 hobgoblins
  3 quokkas
  5 bats
  A frilled lizard (D:1)
  17 kobolds
  A quokka zombie (D:3)
  3 rats
  2 fulminant prisms
  A lurking horror (D:8)
710 creatures vanquished.

Vanquished Creatures (collateral kills)
  A yak (Lair:1)
  A hell rat (Lair:4)
2 creatures vanquished.

Vanquished Creatures (others)
  A spriggan druid (Swamp:4)
  A tyrant leech (Swamp:1)
  A swamp drake (Swamp:4)
  4 foxfires
  509 fulminant prisms
516 creatures vanquished.

Grand Total: 1228 creatures vanquished

Notes
Turn   | Place    | Note
-------+----------+-------------------------------------------
     0 | D:1      | AvylaarBelgium the Deep Elf Conjurer began the quest for
                  | the Orb.
     0 | D:1      | Reached XP level 1. HP: 10/10 MP: 6/6
   226 | D:1      | Reached XP level 2. HP: 15/15 MP: 2/8
   397 | D:1      | Reached skill level 5 in Conjurations
   536 | D:1      | Reached XP level 3. HP: 19/19 MP: 6/9
   968 | D:2      | Noticed Sigmund
  1003 | D:3      | Learned a level 2 spell: Searing Ray
  1011 | D:3      | Reached XP level 4. HP: 18/24 MP: 3/11
  1039 | D:3      | Found a hazy altar of Hepliaklqana.
  1216 | D:3      | Found a faded altar of an unknown god.
  1545 | D:3      | Noticed Grinder
  1555 | D:3      | Reached skill level 4 in Spellcasting
  1558 | D:3      | Reached XP level 5. HP: 28/28 MP: 3/13
  1676 | D:4      | Learned a level 4 spell: Fulminant Prism
  1681 | D:4      | Learned a level 4 spell: Iskenderun's Mystic Blast
  1869 | D:4      | Reached skill level 5 in Spellcasting
  1902 | D:4      | Found Zuxemeh's Magic Scroll Shoppe.
  1939 | D:4      | Noticed Dowan
  2145 | D:4      | Noticed a lemure
  2147 | D:4      | Noticed a lemure
  2148 | D:4      | Noticed a lemure
  2149 | D:4      | Noticed Pikel
  2271 | D:3      | Reached XP level 6. HP: 32/32 MP: 6/15
  2493 | D:3      | Killed Grinder
  2494 | D:3      | Reached skill level 6 in Spellcasting
  2494 | D:3      | Reached XP level 7. HP: 15/36 MP: 1/18
  2784 | D:3      | Found a burning altar of Makhleb.
  2799 | D:3      | Found a shimmering altar of Xom.
  2914 | D:3      | Reached skill level 7 in Spellcasting
  3137 | D:5      | Entered Level 5 of the Dungeon
  3260 | D:2      | Noticed Terence
  3266 | D:2      | Killed Terence
  3573 | D:2      | Killed Sigmund
  3605 | D:2      | Found a stormy altar of Qazlal.
  3785 | D:4      | Killed Pikel
  3786 | D:4      | Reached skill level 9 in Spellcasting
  3786 | D:4      | Reached XP level 8. HP: 41/41 MP: 9/23
  4195 | D:4      | Bought a scroll of noise for 14 gold pieces
  4195 | D:4      | Bought a scroll of identify for 28 gold pieces
  4195 | D:4      | Bought a scroll of poison for 56 gold pieces
  4195 | D:4      | Bought a scroll of fog for 56 gold pieces
  4195 | D:4      | Bought a scroll of fear for 56 gold pieces
  4278 | D:4      | Noticed Duvessa
  4294 | D:4      | Killed Dowan
  4294 | D:4      | Killed Duvessa
  4428 | D:5      | Reached skill level 10 in Spellcasting
  4428 | D:5      | Reached skill level 10 in Conjurations
  5083 | D:5      | Found a staircase to the Ecumenical Temple.
  5282 | Temple   | Entered the Ecumenical Temple
  5291 | Temple   | Became a worshipper of Vehumet
  5502 | D:6      | Learned a level 3 spell: Stone Arrow
  5529 | D:6      | Reached XP level 9. HP: 45/45 MP: 16/25
  5629 | D:6      | Reached skill level 11 in Spellcasting
  6331 | D:7      | Reached skill level 12 in Spellcasting
  6501 | D:7      | Found a flagged portal.
  6504 | D:7      | Reached * piety under Vehumet
  6504 | D:7      | Offered knowledge of Sandblast by Vehumet.
  6516 | Bailey   | Entered a bailey
  6892 | Bailey   | Reached skill level 13 in Spellcasting
  6895 | Bailey   | Reached XP level 10. HP: 21/50 MP: 15/29
  7132 | Bailey   | Offered knowledge of Momentum Strike by Vehumet.
  7241 | Bailey   | Reached ** piety under Vehumet
  7456 | Bailey   | Reached skill level 1 in Earth Magic
  8150 | D:7      | Found a hide-covered altar of Uskayaw.
  8395 | D:7      | Reached skill level 14 in Spellcasting
  8640 | D:8      | Offered knowledge of Volatile Blastmotes by Vehumet.
  8729 | D:8      | Found a corrupted altar of Lugonu.
  8734 | D:8      | Found a one-way gate to the infinite horrors of the Abyss.
  9262 | D:9      | Noticed a two-headed ogre
  9271 | D:9      | Killed a two-headed ogre
  9279 | D:9      | Reached XP level 11. HP: 54/54 MP: 31/31
  9309 | D:9      | Reached *** piety under Vehumet
  9441 | D:9      | Found a white marble altar of Elyvilon.
  9443 | D:9      | Found an ancient bone altar of Kikubaaqudgha.
  9639 | D:9      | Reached skill level 5 in Earth Magic
  9654 | D:9      | Learned a level 8 spell: Lehudib's Crystal Spear
  9665 | D:9      | Learned a level 3 spell: Call Canine Familiar
  9672 | D:9      | Learned a level 6 spell: Plasma Beam
 10089 | D:9      | Offered knowledge of Airstrike by Vehumet.
 10090 | D:9      | Reached skill level 1 in Fire Magic
 10329 | D:10     | Entered Level 10 of the Dungeon
 10334 | D:10     | Learned a level 3 spell: Spider Form
 10375 | D:10     | Gained mutation: Armour fits poorly on your strangely
                  | shaped body. [potion of mutation]
 10375 | D:10     | Gained mutation: You have a pair of small horns on your
                  | head. [potion of mutation]
 10376 | D:10     | Lost mutation: Armour fits poorly on your strangely shaped
                  | body. [potion of mutation]
 10376 | D:10     | Lost mutation: You have a pair of small horns on your head.
                  | [potion of mutation]
 10376 | D:10     | Gained mutation: You passively dampen the noise of your
                  | surroundings. [potion of mutation]
 10376 | D:10     | Gained mutation: You are strong-willed. (Will+) [potion of
                  | mutation]
 10376 | D:10     | Gained mutation: You are weak. (Str -2) [potion of
                  | mutation]
 10390 | D:10     | Reached skill level 15 in Spellcasting
 10407 | D:10     | Noticed a two-headed ogre
 10423 | D:10     | Killed a two-headed ogre
 10424 | D:10     | Reached skill level 1 in Ranged Weapons
 10551 | D:10     | Found a glowing golden altar of the Shining One.
 10616 | D:10     | Found a staircase to the Lair.
 10637 | D:10     | Found a shadowy altar of Dithmenos.
 10674 | D:10     | Found a sacrificial altar of Ru.
 10912 | D:10     | Reached **** piety under Vehumet
 10917 | D:10     | Found an iron altar of Okawaru.
 11016 | D:11     | Noticed a two-headed ogre
 11016 | D:11     | Noticed a two-headed ogre
 11016 | D:11     | Found Veeluhif's Distillery.
 11019 | D:11     | Killed a two-headed ogre
 11020 | D:11     | Reached skill level 1 in Armour
 11024 | D:11     | Killed a two-headed ogre
 11027 | D:11     | Bought a potion of degeneration for 14 gold pieces
 11027 | D:11     | Bought a potion of heal wounds for 70 gold pieces
 11027 | D:11     | Bought a potion of cancellation for 112 gold pieces
 11027 | D:11     | Bought 2 potions of heal wounds for 140 gold pieces
 11027 | D:11     | Bought a potion of curing for 42 gold pieces
 11027 | D:11     | Bought a potion of curing for 42 gold pieces
 11027 | D:11     | Bought a potion of curing for 42 gold pieces
 11161 | D:11     | Offered knowledge of Freezing Cloud by Vehumet.
 11301 | D:11     | Noticed a death knight
 11301 | D:11     | Noticed a death knight
 11301 | D:11     | Noticed a death knight
 11337 | D:11     | Killed a death knight
 11463 | D:11     | Killed a death knight
 11566 | D:11     | Lost mutation: You passively dampen the noise of your
                  | surroundings. [potion of mutation]
 11566 | D:11     | Lost mutation: You are strong-willed. (Will+) [potion of
                  | mutation]
 11566 | D:11     | Gained mutation: You are dopey. (Int -2) [potion of
                  | mutation]
 11566 | D:11     | Gained mutation: Your skin changes colour to match your
                  | surroundings (Stealth+). [potion of mutation]
 11566 | D:11     | Lost strength.
 11566 | D:11     | Gained mutation: You are very weak. (Str -4) [potion of
                  | mutation]
 11569 | D:11     | Lost mutation: You are very weak. (Str -4) [potion of
                  | mutation]
 11569 | D:11     | Lost mutation: Your skin changes colour to match your
                  | surroundings (Stealth+). [potion of mutation]
 11569 | D:11     | Gained mutation: You expend magic power (3 MP) to
                  | strengthen your wands. [potion of mutation]
 11569 | D:11     | Gained mutation: You have sharp toenails. [potion of
                  | mutation]
 11570 | D:11     | Lost mutation: You are dopey. (Int -2) [potion of mutation]
 11570 | D:11     | Lost mutation: You expend magic power (3 MP) to strengthen
                  | your wands. [potion of mutation]
 11570 | D:11     | Lost mutation: You are weak. (Str -2) [potion of mutation]
 11570 | D:11     | Gained mutation: You occasionally shout uncontrollably at
                  | your foes. [potion of mutation]
 11570 | D:11     | Gained mutation: You have hidden genetic defects. [potion
                  | of mutation]
 11570 | D:11     | Gained mutation: Your system is resistant to poisons.
                  | (rPois) [potion of mutation]
 11608 | D:11     | Noticed a death knight
 11627 | D:11     | Killed a death knight
 11628 | D:11     | Reached skill level 5 in Armour
 11774 | Lair:1   | Entered Level 1 of the Lair of Beasts
 11870 | Lair:1   | Noticed Gastronok
 11879 | Lair:1   | Reached XP level 12. HP: 59/59 MP: 33/33
 12036 | Lair:1   | Killed Gastronok
 12038 | Lair:1   | Gained mutation: Your body sometimes deteriorates upon
                  | taking damage. [hidden defects]
 12268 | D:11     | Found Kiudasa's Antique Weapon Shop.
 12305 | D:11     | Killed a death knight
 12306 | D:11     | Reached skill level 15 in Conjurations
 12402 | D:11     | Bought a potion of mutation for 112 gold pieces
 12402 | D:11     | Lost mutation: Your body sometimes deteriorates upon taking
                  | damage. [potion of mutation]
 12402 | D:11     | Lost mutation: Your system is resistant to poisons. (rPois)
                  | [potion of mutation]
 12402 | D:11     | Lost mutation: You occasionally shout uncontrollably at
                  | your foes. [potion of mutation]
 12402 | D:11     | Gained mutation: You have a pair of small horns on your
                  | head. [potion of mutation]
 12751 | Lair:1   | Reached ***** piety under Vehumet
 12751 | Lair:1   | Offered knowledge of Starburst by Vehumet.
 12810 | Lair:1   | Noticed a catoblepas
 12857 | Lair:1   | Killed a catoblepas
 12878 | Lair:1   | Gained mutation: You are clumsy. (Dex -2) [hidden defects]
 12878 | Lair:1   | Lost mutation: You have hidden genetic defects. [hidden
                  | defects expressed]
 13100 | Lair:1   | Reached skill level 1 in Fighting
 13465 | Lair:2   | Noticed a seven-headed hydra
 13482 | Lair:2   | Killed a seven-headed hydra
 13483 | Lair:2   | Reached skill level 10 in Earth Magic
 13730 | Lair:2   | Reached skill level 5 in Fighting
 13735 | Lair:2   | Reached XP level 13. HP: 68/72 MP: 34/34
 13775 | Lair:2   | Found a staircase to the Snake Pit.
 13948 | Lair:2   | Learned a level 6 spell: Starburst
 14369 | Lair:2   | Noticed Amaemon
 14395 | Lair:2   | Killed Amaemon
 16545 | Lair:3   | Offered knowledge of Sticky Flame by Vehumet.
 16769 | Lair:3   | Found a staircase to the Swamp.
 17209 | Lair:4   | Reached XP level 14. HP: 80/80 MP: 22/35
 17375 | Lair:4   | Reached skill level 5 in Dodging
 17768 | Lair:4   | Reached skill level 16 in Spellcasting
 18125 | Lair:5   | Entered Level 5 of the Lair of Beasts
 18911 | Lair:5   | Reached skill level 17 in Spellcasting
 19057 | Abyss:2  | Cast into level 2 of the Abyss (a wizard)
 19099 | Abyss:2  | Found a corrupted altar of Lugonu.
 19150 | Abyss:2  | Noticed a revenant
 19159 | Abyss:2  | Killed a revenant
 19224 | Abyss:2  | Reached skill level 5 in Stealth
 19489 | Abyss:2  | Found a corrupted altar of Lugonu.
 19496 | Abyss:2  | Found a corrupted altar of Lugonu.
 19496 | Abyss:2  | Found a corrupted altar of Lugonu.
 19594 | Lair:5   | Escaped the Abyss
 19597 | Lair:5   | Found a burning altar of Makhleb.
 19936 | Lair:5   | Found a gateway to Hell.
 19943 | Lair:5   | Identified the +4 scale mail of the Harp {MP-9 SInv Stlth+}
 20047 | Lair:5   | Reached ****** piety under Vehumet
 20051 | Lair:5   | Learned a level 2 spell: Sublimation of Blood
 20391 | Lair:5   | Found a staircase to the Slime Pits.
 20547 | Snake:1  | Entered Level 1 of the Snake Pit
 20547 | Snake:1  | Noticed Agnes
 20552 | Snake:1  | Killed Agnes
 20553 | Snake:1  | Reached skill level 1 in Necromancy
 20659 | Snake:1  | Found a runed translucent door.
 20663 | Snake:1  | Noticed Iheguu's ghost (adept DsEE)
 21053 | Snake:1  | Reached XP level 15. HP: 84/84 MP: 29/38
 21348 | Snake:1  | Offered knowledge of Yara's Violent Unravelling by Vehumet.
 21707 | Snake:1  | Found Woefaecu's Book Shoppe.
 21709 | Snake:1  | Found Sorane's Jewellery Boutique.
 21710 | Snake:1  | Found Qujujod's Book Shoppe.
 21718 | Snake:1  | Bought the amulet "Naczud" {Drain Fly Regen+ rCorr SInv}
                  | for 562 gold pieces
 21913 | Snake:2  | Reached skill level 15 in Earth Magic
 22257 | Swamp:1  | Entered Level 1 of the Swamp
 22294 | Swamp:1  | Reached skill level 5 in Fire Magic
 22882 | Swamp:2  | Reached skill level 5 in Necromancy
 22906 | Swamp:2  | Got Sybockot's Annotations on Transmuted Congelation
 22952 | Swamp:2  | Reached skill level 18 in Spellcasting
 22978 | Swamp:2  | You are sucked into a shaft and drop 1 floor!
 23379 | Swamp:2  | Identified the +7 quarterstaff "Nitipsor" {spect, Int+3}
 23462 | Swamp:2  | Found a blossoming altar of Fedhas.
 23780 | Swamp:3  | Offered knowledge of Spellforged Servitor by Vehumet.
 23789 | Swamp:3  | Learned a level 7 spell: Spellforged Servitor
 23914 | Swamp:3  | Found a transporter.
 23919 | Swamp:3  | Noticed Kuirgh's ghost (adept TrMo)
 23949 | Swamp:3  | Found a transporter.
 24019 | Swamp:4  | Entered Level 4 of the Swamp
 24022 | Swamp:4  | Reached skill level 1 in Summonings
 24060 | Swamp:4  | Reached XP level 16. HP: 76/88 MP: 24/40
 24123 | Swamp:4  | Reached skill level 5 in Summonings
 24135 | Swamp:4  | Noticed a thorn hunter
 24135 | Swamp:4  | Found the +9 scales of the Dragon King {rPois rF+ rC+
                  | Will+}
 24139 | Swamp:4  | Noticed a thorn hunter
 24148 | Swamp:4  | Mangled by a five-headed hydra

Illustrated notes

Levels and vault maps discovered:
D:1:      dpeg_arrival_connections, layout_basic
D:2:      layout_rooms, basic_altar, chequers_serial_rivers_micro_c,
          chequers_serial_rivers_micro_c, uniq_sigmund, uniq_terence
D:3:      minmay_goblin_kobold_castle, layout_rooms,
          grunt_temple_overflow_champion_of_chaos,
          nicolae_hepliaklqana_hazy_memory,
          shapermc_ecumenical_altar_starsandcircs, serial_undead,
          serial_undead_f, serial_undead_a, serial_undead_f, serial_undead_b,
          bh_walls_and_bars, uniq_grinder
D:4:      layout_cave_pods, serial_shops, nicolae_inconvenience_store,
          uniq_duvessa, uniq_pikel
D:5:      layout_loops_ring, minmay_temple_entry_nine_rooms
D:6:      layout_basic, grunt_decor_mini_mirrors
D:7:      layout_loops_ring, nicolae_uskayaw_dance_hall,
          lightli_bailey_entry_fortress
D:8:      layout_gridville, amcnicky_altar_lugonu_corruption
D:9:      layout_cave_pods, jmf_multi_god_temple
D:10:     layout_basic, okawaru_altar_gauntlet_db, mainiacjoe_overflow_24_doors,
          mainiacjoe_overflow_alcove_1, nicolae_overflow_crystal_walls,
          lair_entry_dummy
D:11:     cheibrodos_tormentor_scu, layout_loops_ring, serial_shops,
          nicolae_lakefront_shop, nicolae_stop_n_shop_1
Temple:   nicolae_temple_bog_church
Lair:1:   layout_cave_pods, nicolae_lair_liquid_snakes, uniq_gastronok
Lair:2:   layout_hall_layers, nicolae_snake_entry_warm_welcome, minivault_11,
          beast_lair_carwin_6, uniq_amaemon
Lair:3:   layout_cave_pods, minmay_swamp_entry_worms, bobbens_dragon_lair_wall,
          grunt_megastairs_5, serial_bayou_shore_b, serial_bayou_shore_b,
          serial_bayou_shore_a
Lair:4:   layout_roguey [special_room_mythical_zoo]
Lair:5:   evil_forest, layout_gridlike, dpeg_slime_entry_corner,
          infiniplex_staircase_pool_2, grunt_megastairs_4
Swamp:1:  layout_basic_swamp, evilmike_swamp_ruin_house_4, swamp_pool4,
          infiniplex_staircase_pool
Swamp:2:  layout_basic_swamp, lemuel_altar_in_water, swamp_pool1
Swamp:3:  layout_basic_swamp, gammafunk_ghost_berserking_beasts,
          serial_swamp_ruin, evilmike_swamp_ruin_rubble_2,
          evilmike_swamp_ruin_rubble_1, evilmike_swamp_ruin_house_3
Swamp:4:  swamp, layout_basic_swamp, nicolae_swamp_hydra_murder_den
Snake:1:  layout_misc_corridors, hellmonk_ghost_happy_afterlife,
          minmay_shop_grove, grunt_megastairs_3, uniq_agnes
Snake:2:  layout_onion, nicolae_snake_lava_pool, uniq_vashnia

Skill      XL: |  1  2  3  4  5  6  7  8  9 10 11 12 13 14 15 16 |
---------------+-------------------------------------------------+-----
Conjurations   | 5 6 7 9 10 12 13 14 15 16 | 16.4
Spellcasting   | 4 5 6 9 10 13 14 15 17 18 | 18.3
Earth Magic    | 4 7 10 14 15 | 15.6
Fire Magic     | 2 3 6 |  6.7
Ranged Weapons | 2 |  2.5
Armour         | 5 7 |  7.4
Fighting       | 5 6 |  6.0
Dodging        | 3 7 |  7.6
Stealth        | 8 |  8.0
Necromancy     | 2 6 |  6.4
Summonings     | 3 5 |  5.1
Short Blades   | |  0.6

Action                     |  1- 3 |  4- 6 |  7- 9 | 10-12 | 13-15 | 16-18 || total
---------------------------+-------+-------+-------+-------+-------+-------++-------
  Melee: Short sword       |     4 |       |       |       |       |       ||     4
         Dagger            |       |     7 |    19 |       |       |       ||    26
   Fire: Shortbow          |       |       |    32 |    37 |       |       ||    69
         Orcbow            |       |       |       |    32 |    25 |       ||    57
   Cast: Magic Dart        |    69 |    79 |   116 |    47 |       |       ||   311
         Searing Ray       |       |    11 |    30 |    24 |     2 |       ||    67
         Fulminant Prism   |       |     2 |    46 |   190 |   270 |     3 ||   511
         Iskenderun's Myst |       |       |     6 |    28 |    67 |    11 ||   112
         Stone Arrow       |       |       |       |    35 |   167 |     3 ||   205
         Lehudib's Crystal |       |       |       |     5 |    94 |     4 ||   103
         Call Canine Famil |       |       |       |     2 |     2 |       ||     4
         Spider Form       |       |       |       |     1 |       |       ||     1
         Plasma Beam       |       |       |       |     1 |       |       ||     1
         Starburst         |       |       |       |       |     5 |     1 ||     6
         Sublimation of Bl |       |       |       |       |    49 |     5 ||    54
  Evoke: Wand              |       |     3 |    15 |       |     8 |     1 ||    27
    Use: Scroll            |       |       |     5 |     2 |    12 |     8 ||    27
         Potion            |       |       |     1 |     6 |     6 |     4 ||    17
 Armour: Robe              |    12 |     7 |     9 |     9 |       |       ||    37
         Troll leather arm |       |       |       |     3 |    53 |     3 ||    59
  Dodge: Dodged            |    14 |    33 |    39 |    46 |    86 |    11 ||   229

Table legend: (Time is in decaauts)
 A = Elapsed time spent in this place.
 B = Non-inter-level travel time spent in this place.
 C = Inter-level travel time spent in this place.
 D = Time resting spent in this place.
 E = Time spent auto-exploring this place.
 F = Levels seen in this place.
 G = Mean time per level.
                   A        B        C        D        E       F      G
               +--------+--------+--------+--------+--------+-----+--------+
         Total |  24246 |  23064 |   1182 |   5318 |  11359 |  25 |  969.8 |
       Dungeon |  10942 |  10296 |    646 |   1723 |   6293 |  11 |  994.7 |
        Temple |     18 |     18 |      0 |      0 |      0 |   1 |   18.0 |
          Lair |   8074 |   7679 |    395 |   2573 |   3277 |   5 | 1614.8 |
         Swamp |   1901 |   1850 |     51 |     11 |   1136 |   4 |  475.2 |
     Snake Pit |   1436 |   1348 |     88 |    356 |    544 |   2 |  718.0 |
         Abyss |    518 |    518 |      0 |      0 |      7 |   1 |  518.0 |
        Bailey |   1354 |   1354 |      0 |    655 |    102 |   1 | 1354.0 |
               +--------+--------+--------+--------+--------+-----+--------+

Top non-repeatable levels by time:
  Lair:2: 1973 daAuts
  Lair:3: 1971 daAuts
     D:3: 1599 daAuts
  Lair:4: 1563 daAuts
  Lair:5: 1530 daAuts
 Snake:1: 1378 daAuts
  Bailey: 1354 daAuts
     D:4: 1294 daAuts
     D:5: 1122 daAuts
     D:9: 1074 daAuts
    D:11: 1073 daAuts
  Lair:1: 1035 daAuts
    D:10: 872 daAuts
     D:6: 856 daAuts
     D:7: 833 daAuts
